 Dungeon Crawl Stone Soup version 0.14-a0-77-g9a1e883 (webtiles) character file.

202 Malachi the Vexing (level 4, 0/30 HPs)
             Began as a Demonspawn Enchanter on Oct 1, 2013.
             Succumbed to an adder's poison
             ... on Level 2 of the Dungeon.
             The game lasted 00:05:52 (2300 turns).

Malachi the Vexing (Demonspawn Enchanter)           Turns: 2300, Time: 00:05:52

HP   0/30        AC  3     Str  9      XL: 4   Next:  3%
MP   5/7         EV 12     Int 17      God:
Gold 132         SH  0     Dex 13      Spells:  2 memorised,  2 levels left

Res.Fire  : . . .   See Invis. : .   a - +1 dagger
Res.Cold  : . . .   Warding    : .   b - +1 robe
Life Prot.: . . .   Conserve   : .   (no shield)
Res.Poison: .       Res.Corr.  : .   (no helmet)
Res.Elec. : .       Clarity    : .   (no cloak)
Sust.Abil.: . .     Spirit.Shd : .   (no gloves)
Res.Mut.  : .       Stasis     : .   (no boots)
Res.Rott. : .       Flight     : .   g - amulet of rage
Saprovore : . . .                    (no ring)
                                     (no ring)

@: mildly poisoned, slightly resistant to hostile enchantments, fairly stealthy
A: talons 1, conserve scrolls
a: Evoke Berserk Rage


You were on level 2 of the Dungeon.
You were not hungry.

You visited 1 branch of the dungeon, and saw 2 of its levels.

You collected 112 gold pieces.

Inventory:

Hand weapons
 a - a +1,+1 dagger (weapon)
Missiles
 d - 12 darts (quivered)
Armour
 b - a +1 robe (worn)
Comestibles
 f - a bread ration
 k - an apple
Scrolls
 e - a scroll of enchant armour {unknown}
 h - a scroll of fear {unknown}
 i - a scroll of remove curse {unknown}
 j - a scroll of noise {unknown}
Jewellery
 g - an amulet of rage (around neck)
Books
 c - a book of Maledictions

   Spells                             Type                      Level
   *Corona                            Hexes                        1
   Sure Blade                         Hexes/Charms                 2
   *Ensorcelled Hibernation           Hexes/Ice                    2
   Confuse                            Hexes                        3
   Enslavement                        Hexes                        4
   Invisibility                       Hexes                        6


   Skills:
 + Level 0.4 Fighting
 + Level 1.2 Short Blades
 + Level 0.8 Throwing
 + Level 2.4 Dodging
 + Level 2.2 Stealth
 + Level 1.0 Spellcasting
 * Level 4.0 Hexes


You had 2 spell levels left.
You knew the following spells:

 Your Spells              Type           Power        Failure   Level  Hunger
a - Corona                Hex            ##.....      4%          1    ##.....
b - Ensorcelled Hibernat  Hex/Ice        #.....       17%         2    ###....


Dungeon Overview and Level Annotations

Branches:
Dungeon (2/27)

Altars:


Innate Abilities, Weirdness & Mutations

You have sharp toenails.
You are very good at protecting items from fire.


Message History

The giant gecko closely misses you. The giant gecko bites you.
* * * LOW HITPOINT WARNING * * *
You are feeling hungry.
You hit the giant gecko. Your kick misses the giant gecko.
The giant gecko is almost dead.
The giant gecko bites you.
* * * LOW HITPOINT WARNING * * *
You hit the giant gecko.
You kill the giant gecko!
You see here a giant gecko corpse.
You aren't carrying any potions.
You start butchering the giant gecko corpse with your dagger.
You continue butchering the corpse.
You finish chopping the giant gecko corpse into pieces.
l - a chunk of giant gecko flesh You see here a giant gecko skeleton.
Eat a chunk of giant gecko flesh? (ye/n/q/i?) This raw flesh tastes terrible.
You continue eating.
You die...

#..............##.#
#####.#########...##.#
........#
#...##.#######
........#####
#............#
............#
##..##.#####.#
............# #....#.#
............###....#.#
#####..............#.#
# ###########.@#.#.#
#..#.#.# #..#.#.#
#..#.#. #..#. ## #..#
.. .... # .... # ...


There were no monsters in sight!

Vanquished Creatures
  Terence (D:2)
  3 adders (D:2)
  2 giant geckos
  An ooze (D:1)
  4 bats
  4 hobgoblins
  A quokka (D:2)
  A ball python (D:2)
  A giant cockroach (D:1)
  A giant newt (D:2)
  2 goblins (D:1)
  3 kobolds (D:1)
  6 rats
30 creatures vanquished.

Notes
Turn   | Place    | Note
--------------------------------------------------------------
     0 | D:1      | Malachi, the Demonspawn Enchanter, began the quest for the Orb.
     0 | D:1      | Reached XP level 1. HP: 13/13 MP: 3/3
   211 | D:1      | Gained mutation: You are very good at protecting items from fire. [demonic ancestry]
   211 | D:1      | Reached XP level 2. HP: 4/19 MP: 4/4
  1228 | D:2      | Reached skill level 1 in Short Blades
  1228 | D:2      | Gained mutation: You have sharp toenails. [demonic ancestry]
  1228 | D:2      | Reached XP level 3. HP: 1/24 MP: 5/5
  1511 | D:2      | Learned a level 2 spell: Ensorcelled Hibernation
  1687 | D:2      | Noticed Terence
  1699 | D:2      | Killed Terence
  2130 | D:2      | Reached skill level 4 in Hexes
  2271 | D:2      | Reached XP level 4. HP: 15/30 MP: 2/7
  2291 | D:2      | HP: 1/30 [giant gecko (4)]
  2300 | D:2      | Succumbed to an adder's poison

Action                   |  1- 3 |  4- 6 || total
-------------------------+-------+-------++-------
Melee: Dagger            |   147 |     4 ||   151
 Cast: Corona            |     1 |       ||     1
       Ensorcelled Hiber |     6 |       ||     6
  Use: Potion            |     1 |       ||     1
 Stab: Sleeping          |     3 |       ||     3
